Map: Pylon LE

Players

BOOMBOX - Winner!

  • Race: Zerg Zerg
  • League: Platinum
  • Spawn Location: 5:00

ManlyManMeat

  • Race: Terran Terran
  • League: Platinum
  • Spawn Location: 11:00

VOD

Have the link to the VOD?

Description

Time

  • Played on: June 19, 2025, 9:49 a.m.
  • Length: 4:57
Show
View Real Time Build Order
Export as new Build Order

BOOMBOX Zerg - Winner!

Build Orders: Hatch First 

Get SALT Encoding   

  12  0:00  Drone  
  13  0:08  Drone  
  14  0:33  Hatchery  
  13  0:37  Drone  
  14  0:52  Spawning Pool  
  13  0:59  Overlord  
  13  1:04  Drone  
  14  1:17  Drone x2  
  16  1:25  Drone  
  17  1:36  Drone  
  18  1:43  Drone  
  19  1:47  Drone  
  19  1:48  Queen  
  22  1:58  Drone  
  22  1:59  Extractor  
  22  2:11  Hatchery  
  22  2:12  Drone  
  22  2:14  Drone  
  23  2:17  Drone  
  24  2:26  Spine Crawler  
  23  2:36  Spine Crawler  
  22  2:41  Drone  
  22  2:42  Drone x2  
  22  2:43  Drone  
  26  2:45  Drone  
  27  3:07  Overlord  
  27  3:08  Overlord  
  27  3:22  Queen  
  29  3:29  Drone x3  
  29  3:30  Drone x4  
  29  3:33  Metabolic Boost  
  36  3:36  Drone  
  37  3:47  Drone x3  
  40  3:51  Drone  
  40  3:52  Overlord  
  41  4:07  Spine Crawler  
  40  4:11  Queen  
  40  4:15  Extractor, Drone x3  
  40  4:16  Drone  
  45  4:20  Extractor, Drone  
  45  4:21  Extractor, Drone x2  
  45  4:22  Drone x2  
  48  4:31  Spine Crawler  
  48  4:33  Drone x2  
  48  4:34  Spine Crawler  
  48  4:37  Drone  
  49  4:45  Spine Crawler  
Show
View Real Time Build Order
Export as new Build Order

ManlyManMeat Terran 

Build Orders: Reaper Expand 

Get SALT Encoding   

  12  0:00  SCV  
  13  0:13  SCV  
  14  0:17  Supply Depot  
  14  0:25  SCV  
  15  0:38  SCV  
  15  0:41  Barracks  
  16  0:45  Refinery  
  16  0:50  SCV  
  17  1:03  SCV  
  18  1:15  SCV  
  19  1:27  Reaper  
  19  1:29  Orbital Command  
  20  1:42  Command Center  
  20  1:53  Supply Depot  
  20  1:59  Marine  
  21  2:09  SCV  
  22  2:20  Factory  
  22  2:21  SCV  
  22  2:22  Barracks Reactor  
  23  2:33  SCV  
  24  2:46  Command Center  
  24  2:52  SCV  
  25  3:04  SCV  
  26  3:09  Orbital Command  
  26  3:13  Barracks Tech Lab  
  26  3:17  SCV  
  26  3:19  Barracks  
  27  3:28  Hellion  
  27  3:29  SCV, Hellion  
  27  3:32  Refinery  
  32  3:41  SCV  
  33  3:42  Armory  
  32  3:51  Marine  
  33  3:56  SCV  
  33  3:57  SCV  
  35  4:05  Engineering Bay  
  35  4:07  Hellion  
  35  4:08  Barracks Reactor  
  37  4:15  Orbital Command  
  37  4:17  SCV  
  37  4:21  Hellion  
  40  4:27  Orbital Command  
  40  4:30  Hellion  
  42  4:36  SCV x2  
  42  4:38  Marine  
  47  4:49  Starport  
Tags
 
Add a new tag
Caveats
  • Supply blocks, unpowered buildings, or Contaminate may cause inaccurate times.
  • Supply counts are checked every 10 seconds.